 Dungeon Crawl Stone Soup version 0.29.1-15-g9cfb28693d (webtiles) character file.

Game seed: 9681153139421836075

7 Revguard the Ducker (level 1, 0/16 HPs)
             Began as a Demonspawn Gladiator on Mar 10, 2023.
             Slain by a kobold
             ... wielding a +0 dagger
              (2 damage)
             ... on level 1 of the Dungeon.
             The game lasted 00:00:39 (323 turns).

Revguard the Ducker (Demonspawn Gladiator)           Turns: 323, Time: 00:00:40

Health: 0/16       AC:  4    Str: 14    XL:     1   Next: 91%
Magic:  1/1        EV: 12    Int:  9    God:
Gold:   42         SH:  0    Dex: 14    Spells: 0/0 levels left

rFire   . . .      SeeInvis .   a - +0 long sword
rCold   . . .      Faith    .   (no shield)
rNeg    . . .      Spirit   .   b - +0 leather armour
rPois   .          Reflect  .   c - +0 helmet
rElec   .          Harm     .   (no cloak)
rCorr   .          Rampage  .   (no gloves)
Will    .....                   (no boots)
Stlth   +.........              (no amulet)
HPRegen 0.05/turn               (no ring)
MPRegen 0.07/turn               (no ring)

@: no status effects
A: no striking features
a: no special abilities


You were on level 1 of the Dungeon.
You visited 1 branch of the dungeon, and saw 1 of its levels.

You collected 42 gold pieces.

Inventory:

Hand Weapons
 a - a +0 long sword (weapon)
Missiles
 d - 3 throwing nets (quivered)
 e - a javelin
Armour
 b - a +0 leather armour (worn)
 c - a +0 helmet (worn)
Scrolls
 f - 2 scrolls of identify {unknown}
Potions
 g - a potion of brilliance {unknown}


   Skills:
 + Level 2.0 Fighting
 + Level 2.8 Long Blades
 - Level 1.7 Throwing
 + Level 0.2 Armour
 * Level 2.8 Dodging
 + Level 0.6 Invocations
 + Level 0.3 Evocations


You couldn't memorise any spells.
You didn't know any spells.
Your spell library was empty.

Dungeon Overview and Level Annotations

Branches:
Dungeon (1/15)

Altars:


Message History

You now have 32 gold pieces (gained 8).
Found a short sword.
You see here a +0 short sword.
You now have 42 gold pieces (gained 10).
A hobgoblin, a goblin, a kobold and a ball python come into view.
The hobgoblin shouts!
The goblin shouts!
The ball python hisses angrily.
You see here a dark potion.
A bat comes into view.
Found a stone staircase leading down.
A bat comes into view.
The kobold hits you but does no damage.
A hobgoblin comes into view.
You closely miss the kobold. You punch the kobold, but do no damage.
The kobold closely misses you.
You closely miss the kobold. The kobold hits you with a +0 dagger.
The goblin hits you with a +0 club. The goblin closely misses you.
The kobold hits you with a +0 dagger.
You hit the kobold.
The kobold is severely wounded.
The kobold misses you.
You barely miss the kobold.
The kobold is severely wounded.
The ball python bites you. The ball python barely misses you.
The kobold barely misses you. The goblin hits you with a +0 club.
* * * LOW HITPOINT WARNING * * *
You closely miss the kobold.
The kobold is severely wounded.
The ball python barely misses you. The ball python misses you.
The kobold hits you with a +0 dagger.
* * * LOW HITPOINT WARNING * * *
The goblin hits you but does no damage. The ball python barely misses you.
The ball python grabs you. The ball python constricts you.
* * * LOW HITPOINT WARNING * * *
You escape the ball python's grasp.
The kobold attacks as you move away! The kobold barely misses you.
You see here a dark potion.
The kobold attacks as you move away! The kobold hits you but does no damage.
The kobold throws a stone.
The stone barely misses you. The kobold hits you with a +0 dagger.
You die...

.##. #.# ....
#.## .....
...# >.... ...
......#..
......#.#
......gS# #
......gg####.#
......##K@...#
.##.. #.####.#
#. #......# ..
#..##### ##
#.....#
##.##.# #.##.#
#.##.# #.##.#


You could see 2 hobgoblins, a goblin and a kobold.

Vanquished Creatures
  A ball python (D:1)
  A giant cockroach (D:1)
  A goblin (D:1)
  A hobgoblin (D:1)
  A bat (D:1)
  A frilled lizard (D:1)
  A kobold (D:1)
7 creatures vanquished.

Notes
Turn   | Place    | Note
-------+----------+-------------------------------------------
     0 | D:1      | Revguard the Demonspawn Gladiator began the quest for the
                  | Orb.
     0 | D:1      | Reached XP level 1. HP: 16/16 MP: 1/1
   323 | D:1      | Slain by a kobold

Illustrated notes

Levels and vault maps discovered:
D:1:      dpeg_arrival_shrine, layout_loops_ring, st_stairs_5

Action                   || total
-------------------------++-------
Melee: Long sword        ||    24
       Punch             ||     1
Armor: Leather armour    ||     9
Dodge: Dodged            ||    26
